 Dungeon Crawl Stone Soup version 0.26.1-11-gd32895ea62 (webtiles) character file.

Game seed: 5793031325277739615

77 nothank2 the Skirmisher (level 4, 0/37 HPs)
             Began as a Formicid Fighter on July 11, 2021.
             Was an Initiate of Okawaru.
             Slain by a jackal (2 damage)
             ... on level 3 of the Dungeon.
             The game lasted 00:03:37 (1366 turns).

nothank2 the Skirmisher (Formicid Fighter)          Turns: 1366, Time: 00:03:40

Health: 0/37       AC:  8    Str: 22    XL:     4   Next: 60%
Magic:  4/4        EV:  8    Int: 13    God:    Okawaru [......]
Gold:   46         SH:  9    Dex: 10    Spells: 3/3 levels left

rFire    x . .     SeeInvis +   a - +0 long sword
rCold    + . .     Faith    .   c - +0 kite shield
rNeg     . . .     Spirit   .   b - +0 scale mail
rPois    .         Reflect  .   (helmet unavailable)
rElec    .         Harm     .   (no cloak)
rCorr    .         Rampage  .   (no gloves)
Will     .....                  l - +0 pair of boots
Stlth    ..........             (no amulet)
HPRegen  0.12/turn              j - ring of ice
MPRegen  0.09/turn              p - +6 ring of intelligence

@: lethally poisoned (0 -> -20)
A: permanent stasis, dig shafts and tunnels, four strong arms, antennae 3
a: Dig, Shaft Self, Renounce Religion


You were on level 3 of the Dungeon.
You worshipped Okawaru.
Okawaru was noncommittal.
You visited 1 branch of the dungeon, and saw 3 of its levels.

You collected 46 gold pieces.

Inventory:

Hand Weapons
 a - a +0 long sword (weapon)
Missiles
 h - 11 boomerangs (quivered)
Armour
 b - a +0 scale mail (worn)
 c - a +0 kite shield (worn)
 l - a +0 pair of boots (worn)
Jewellery
 j - a ring of ice (left hand)
 p - a +6 ring of intelligence (right hand)
Scrolls
 e - a scroll of identify {unknown}
 f - a scroll of remove curse {unknown}
 g - 2 scrolls of fear {unknown}
 i - 2 scrolls of amnesia {unknown}
 m - a scroll of teleportation {unknown}
 s - a scroll of enchant armour {unknown}
Potions
 d - a potion of might
 k - 2 potions of heal wounds {unknown}
 n - a potion of curing {unknown}
 o - 2 potions of brilliance {unknown}
 q - 2 potions of attraction {unknown}
 r - a potion of flight {unknown}


   Skills:
 + Level 4.1 Fighting
 * Level 3.8 Long Blades
 - Level 3.2 Armour
 - Level 3.6 Shields


You had 3 spell levels left.
You didn't know any spells.
Your spell library was empty.

Dungeon Overview and Level Annotations

Branches:
Dungeon (3/15)

Altars:
Cheibriados
Okawaru


Innate Abilities, Weirdness & Mutations

You cannot be hasted, slowed, berserked, paralysed or teleported.
You can dig through walls and to a lower floor.
Your four strong arms can wield two-handed weapons with a shield.
You have a pair of large antennae on your head. (SInv)


Message History

Terence hits you but does no damage.
You barely miss Terence.
Terence is severely wounded.
* * * LOW HITPOINT WARNING * * *
You feel very sick. Terence hits you but does no damage.
You slash Terence!
You kill Terence!
Okawaru accepts your kill.
* * * LOW HITPOINT WARNING * * *
You feel very sick.
The jackal bites you but does no damage.
Your Fighting skill increases to level 4!
You barely miss the jackal.
* * * LOW HITPOINT WARNING * * *
You feel very sick. The jackal barely misses you.
You riposte.
You hit the jackal.
The jackal is heavily wounded.
The jackal bites you.
You die...

..# #.# #.# #.# #.#
#### #.###.....
.##########.#....#
.........@h..#
.######.#####.......
.######.### ####.##
..........#
.######.#.# #.#.#
#.#.# ####.#.#
#....#.#


You could see a jackal.

Vanquished Creatures
  Terence (D:3)
  An adder (D:1)
  2 dart slugs (D:1)
  8 goblins
  6 hobgoblins
  4 jackals
  3 bats
  3 frilled lizards
  A jackal skeleton (D:2)
  5 kobolds
  5 rats
39 creatures vanquished.

Notes
Turn   | Place    | Note
-------+----------+-------------------------------------------
     0 | D:1      | nothank2 the Formicid Fighter began the quest for the Orb.
     0 | D:1      | Reached XP level 1. HP: 18/18 MP: 1/1
   171 | D:1      | Reached XP level 2. HP: 23/24 MP: 2/2
   509 | D:2      | Reached XP level 3. HP: 30/30 MP: 3/3
   907 | D:2      | Found a snail-covered altar of Cheibriados.
   910 | D:2      | Found an iron altar of Okawaru.
   939 | D:2      | Became a worshipper of Warmaster Okawaru
  1246 | D:2      | Reached XP level 4. HP: 37/37 MP: 4/4
  1338 | D:3      | Noticed Terence
  1365 | D:3      | Killed Terence
  1366 | D:3      | Reached skill level 4 in Fighting
  1366 | D:3      | Slain by a jackal

Illustrated notes

Levels and vault maps discovered:
D:1:      minmay_arrival_semitransparent, layout_rooms, minmay_misc_feat_columns
D:2:      layout_loops_ring, grunt_temple_overflow_open, minmay_heptomino_o4
D:3:      layout_loops_ring, general_overflow_altar, uniq_terence

Skill      XL: |  1  2  3  4 |
---------------+-------------+-----
Long Blades    | 3 |  3.8
Fighting       | 4 |  4.1
Armour         | |  3.2
Shields        | |  3.6

Action                   |  1- 3 |  4- 6 || total
-------------------------+-------+-------++-------
Melee: Long sword        |   111 |    24 ||   135
Armor: Scale mail        |    56 |     6 ||    62
Dodge: Dodged            |    30 |     5 ||    35
Block: Kite shield       |    79 |    10 ||    89
       Rpst.: Long sword |     8 |     2 ||    10
